 Dungeon Crawl Stone Soup version 0.24-a0-584-g9d6b971ae4 (webtiles) character file.

Game seed: 2408162959256599429, levelgen mode: deterministic

2031 MordorOrchid the Shield-Bearer (level 9, -4/73 HPs)
             Began as a Gnoll Fighter on Sept 4, 2019.
             Was a Believer of Cheibriados.
             Slain by an orc knight
             ... wielding a +0 broad axe
              (21 damage)
             ... in a bailey.
             The game lasted 00:32:08 (3937 turns).

MordorOrchid the Shield-Bearer (Gnoll Fighter)      Turns: 3937, Time: 00:32:09

Health: -4/73      AC: 11    Str: 24    XL:     9   Next: 23%
Magic:  8/15       EV: 12    Int: 23    God:    Cheibriados [**....]
Gold:   135        SH: 12    Dex: 20    Spells: 8/16 levels left

rFire    . . .     SeeInvis .   a - +2 war axe
rCold    . . .     Gourm    .   c - +0 shield
rNeg     + . .     Faith    .   G - +3 ring mail
rPois    .         Spirit   .   v - +2 hat
rElec    .         Reflect  .   (no cloak)
rCorr    .         Harm     .   (no gloves)
MR       .....                  (no boots)
Stlth    ++........             i - amulet of the acrobat
HPRegen  0.22/turn              D - ring of positive energy
MPRegen  0.14/turn              (no ring)

@: brilliant, very slow
A: distributed training, fangs 1, strong nose
a: Bend Time, Renounce Religion


You were in a bailey.
You worshipped Cheibriados.
Cheibriados was pleased with you.
You were not hungry.

You visited 2 branches of the dungeon, and saw 8 of its levels.
You also visited: Bailey.

You collected 366 gold pieces.
You spent 231 gold pieces at shops.

Inventory:

Hand Weapons
 a - a +2 war axe (weapon)
 j - a +0 hunting sling
 p - a +1 spear of pain
 t - a +3 spear
 y - a +1 vampiric rapier
 M - a +3 hand axe
Missiles
 m - 87 stones (quivered)
 o - 2 throwing nets
 s - 47 bolts
Armour
 b - a +0 scale mail
 c - a +0 shield (worn)
 v - a +2 hat (worn)
 C - the cursed +1 robe of the Original Sin {MP+9 Dex+4, unknown}
   (You found it on level 4 of the Dungeon)

   It affects your dexterity (+4).
   It affects your magic capacity (+9).
   It has a curse placed upon it.
 G - a +3 ring mail (worn)
Magical Staves
 L - an uncursed staff of earth {unknown}
Jewellery
 i - an amulet of the acrobat (around neck)
 l - an uncursed amulet of regeneration {unknown}
 D - a ring of positive energy (left hand)
Wands
 u - a wand of paralysis (12)
 E - a wand of acid (9)
 J - a wand of clouds (2)
 K - a wand of digging (3)
Scrolls
 d - a scroll of random uselessness {unknown}
 h - 2 scrolls of noise
 n - 6 scrolls of remove curse
 q - 2 scrolls of teleportation
 r - a scroll of fear {unknown}
 A - a scroll of fog {unknown}
 I - a scroll of magic mapping {unknown}
Potions
 e - a potion of cancellation
 w - a potion of haste
 x - 4 potions of curing
 z - 2 potions of lignification
 B - a potion of resistance
 H - a potion of might
 O - a potion of agility {unknown}
Comestibles
 f - 8 rations
 N - 2 chunks of flesh


   Skills:
 + Level 7.7 Fighting
 + Level 4.0 Short Blades
 + Level 4.0 Long Blades
 + Level 6.1 Axes
 + Level 4.0 Maces & Flails
 + Level 4.0 Polearms
 + Level 4.0 Staves
 + Level 4.0 Slings
 + Level 4.0 Bows
 + Level 4.0 Crossbows
 + Level 4.0 Throwing
 + Level 7.7 Armour
 + Level 4.0 Dodging
 + Level 4.0 Stealth
 + Level 7.7 Shields
 + Level 4.0 Unarmed Combat
 + Level 4.0 Spellcasting
 + Level 3.2 Conjurations
 + Level 3.2 Hexes
 + Level 3.2 Charms
 + Level 3.2 Summonings
 + Level 3.2 Necromancy
 + Level 3.2 Translocations
 + Level 3.2 Transmutations
 + Level 3.2 Fire Magic
 + Level 3.2 Ice Magic
 + Level 3.2 Air Magic
 + Level 3.2 Earth Magic
 + Level 3.2 Poison Magic
 + Level 4.3 Invocations
 + Level 4.0 Evocations


You had 8 spell levels left.
You knew the following spells:

 Your Spells              Type           Power        Failure   Level  Hunger
c - Conjure Flame         Conj/Fire      ####....     3%          3    ##.....
g - Mephitic Cloud        Conj/Pois/Air  ####....     3%          3    ##.....
x - Blink                 Tloc           N/A          1%          2    #......

Your spell library contained the following spells:

 Spells                   Type           Power        Failure   Level  Hunger
 Magic Dart               Conj           ####         1%          1    None
 Call Imp                 Summ           ####....     1%          2    #......
 Slow                     Hex            ####....     1%          2    #......


Dungeon Overview and Level Annotations

Branches:
Dungeon (7/15)             Temple (1/1) D:4          Bailey (1/1)

Altars:
Ashenzari
Cheibriados
Dithmenos
Fedhas
Gozag
Hepliaklqana
Qazlal
Sif Muna
Trog
Wu Jian
Xom
Yredelemnul
Zin

Shops:
D:3 *   D:6 (}(


Innate Abilities, Weirdness & Mutations

Your experience applies equally to all skills.
You have very sharp teeth.
Your uncanny sense of smell can sniff out nearby items.


Message History

The orc knight appears confused.
The orc knight gestures wildly.
The orc knight hits the hobgoblin with a +0 broad axe!
The hobgoblin is killed!
Cheibriados appreciates the change of pace.
The orc knight hits you with a +0 broad axe!
* * * LOW HITPOINT WARNING * * *
You catch the helpless orc knight completely off-guard!
You hit the orc knight but do no damage.
You bite the orc knight, but do no damage.
The orc knight is almost dead.
The orc knight is engulfed in noxious fumes.
The orc knight appears confused.
You block the orc knight's attack.
Unknown command.
You completely miss the orc knight.
The orc knight is almost dead.
The orc knight is engulfed in noxious fumes.
The orc knight appears confused.
The orc knight hits you with a +0 broad axe!!
You die... ... ####.#### ∆ .#..)#. ..8.. ∆ gg.

##)## #○○g#
#og○# #.@.#
######'######
#....≈)≈....#
#'###≈)≈###'#
#...(≈.≈(...#
#'###≈.≈###'#
#...(≈.≈(...#
#'###≈.≈###'#
#....≈.≈...^#


You could see an orc knight (confused), a gnoll and 3 hobgoblins.

Vanquished Creatures
  An orc knight (Bailey)
  Duvessa (D:4)
  2 orc warriors (Bailey)
  2 phantoms
  2 ogres (D:6)
  A bullfrog (D:6)
  Dowan (D:4)
  2 scorpions (D:7)
  3 wights (D:6)
  A crimson imp (D:6)
  A hound (D:7)
  A jelly (D:6)
  2 orc priests
  3 orc wizards
  Ijyb (D:3)
  An iguana (D:5)
  A worker ant (D:6)
  A hound zombie (D:5)
  A hound skeleton (D:4)
  8 gnolls
  9 adders
  2 shadow imps
  An adder skeleton (D:5)
  2 worms
  A dart slug (D:1)
  5 leopard geckos
  8 orcs
  2 ball pythons
  8 giant cockroaches
  12 goblins
  14 hobgoblins
  7 jackals
  6 quokkas
  2 bats
  6 frilled lizards
  20 kobolds
  A leopard gecko skeleton (D:5)
  4 rats
146 creatures vanquished.

Notes
Turn   | Place    | Note
-------+----------+-------------------------------------------
     0 | D:1      | MordorOrchid the Gnoll Fighter began the quest for the Orb.
     0 | D:1      | Reached XP level 1. HP: 23/23 MP: 1/1
   188 | D:1      | Reached XP level 2. HP: 29/29 MP: 2/2
   561 | D:2      | Found an ornate altar of the Wu Jian Council.
   721 | D:2      | Reached XP level 3. HP: 33/35 MP: 3/3
   894 | D:2      | Reached skill level 1 in Invocations
  1193 | D:2      | Reached skill level 1 in Short Blades
  1193 | D:2      | Reached skill level 1 in Long Blades
  1193 | D:2      | Reached skill level 1 in Maces & Flails
  1193 | D:2      | Reached skill level 1 in Polearms
  1193 | D:2      | Reached skill level 1 in Staves
  1193 | D:2      | Reached skill level 1 in Slings
  1193 | D:2      | Reached skill level 1 in Bows
  1193 | D:2      | Reached skill level 1 in Crossbows
  1193 | D:2      | Reached skill level 1 in Throwing
  1193 | D:2      | Reached skill level 1 in Dodging
  1193 | D:2      | Reached skill level 1 in Stealth
  1193 | D:2      | Reached skill level 1 in Unarmed Combat
  1193 | D:2      | Reached skill level 1 in Spellcasting
  1193 | D:2      | Reached skill level 1 in Evocations
  1233 | D:3      | Reached XP level 4. HP: 41/41 MP: 5/5
  1370 | D:3      | Reached skill level 1 in Conjurations
  1370 | D:3      | Reached skill level 1 in Hexes
  1370 | D:3      | Reached skill level 1 in Charms
  1370 | D:3      | Reached skill level 1 in Summonings
  1370 | D:3      | Reached skill level 1 in Necromancy
  1370 | D:3      | Reached skill level 1 in Translocations
  1370 | D:3      | Reached skill level 1 in Transmutations
  1370 | D:3      | Reached skill level 1 in Fire Magic
  1370 | D:3      | Reached skill level 1 in Ice Magic
  1370 | D:3      | Reached skill level 1 in Air Magic
  1370 | D:3      | Reached skill level 1 in Earth Magic
  1370 | D:3      | Reached skill level 1 in Poison Magic
  1533 | D:3      | Reached XP level 5. HP: 45/47 MP: 6/6
  1578 | D:3      | Found a hazy altar of Hepliaklqana.
  1774 | D:3      | Found Gozag's Platinum Reserve.
  1776 | D:3      | Found an opulent altar of Gozag.
  1979 | D:4      | Got a brightly glowing robe
  2000 | D:3      | Noticed Ijyb
  2011 | D:3      | Killed Ijyb
  2138 | D:4      | Noticed Dowan
  2139 | D:4      | Noticed Duvessa
  2144 | D:4      | Killed Duvessa
  2144 | D:4      | Reached skill level 5 in Axes
  2144 | D:4      | Reached XP level 6. HP: 45/53 MP: 8/8
  2151 | D:4      | Killed Dowan
  2317 | D:4      | Found a shattered altar of Ashenzari.
  2386 | D:4      | Found a staircase to the Ecumenical Temple.
  2413 | Temple   | Entered the Ecumenical Temple
  2430 | Temple   | Became a worshipper of Cheibriados the Contemplative
  2507 | D:5      | Entered Level 5 of the Dungeon
  2525 | D:5      | Reached XP level 7. HP: 52/59 MP: 10/10
  2830 | D:5      | Learned a level 2 spell: Blink
  2834 | D:5      | Learned a level 3 spell: Conjure Flame
  2838 | D:5      | Learned a level 3 spell: Mephitic Cloud
  3277 | D:6      | Found Leerref's Gadget Emporium.
  3299 | D:6      | Found Qukyreor's Weapon Boutique.
  3363 | D:6      | Bought a wand of clouds (3) for 231 gold pieces
  3383 | D:6      | Found Imoxtiyn's Antique Weapon Shop.
  3459 | D:6      | Reached XP level 8. HP: 67/67 MP: 12/12
  3498 | D:6      | Reached * piety under Cheibriados
  3778 | D:7      | Found a flagged portal.
  3817 | Bailey   | Entered a bailey
  3859 | Bailey   | Reached ** piety under Cheibriados
  3910 | Bailey   | Noticed an orc knight
  3910 | Bailey   | Noticed an orc knight
  3918 | Bailey   | Killed an orc knight
  3918 | Bailey   | Reached XP level 9. HP: 53/73 MP: 11/15
  3937 | Bailey   | Slain by an orc knight

Levels and vault maps discovered:
D:1:      dpeg_arrival_orchard, layout_loops_corners, minmay_pentomino_o4
D:2:      layout_loops_corners, lemuel_coloured_pillars_altar,
          kennysheep_generic_room_5
D:3:      kb_forest_paths, layout_basic, nicolae_gozag_zags_fifth_avenue,
          marbit_many_paths, uniq_ijyb
D:4:      layout_basic, cheibrodos_ashenzari_chains,
          minmay_temple_entry_statues_fountains, first_ration,
          hangedman_abyss_or_decor_slice, uniq_duvessa
D:5:      layout_gridville
D:6:      layout_basic, serial_shops, shop, shop, shop
D:7:      layout_basic, dancing_weapons_uskayaw, enter_bailey_3
Temple:   eino_temple_rhombus
Bailey:   bailey_axe_1, bailey

Skill      XL: |  1  2  3  4  5  6  7  8 |
---------------+-------------------------+-----
Invocations    | 1 2 3 4 |  4.3
Short Blades   | 1 2 4 |  4.0
Long Blades    | 1 2 4 |  4.0
Maces & Flails | 1 2 4 |  4.0
Polearms       | 1 2 4 |  4.0
Staves         | 1 2 4 |  4.0
Slings         | 1 2 4 |  4.0
Bows           | 1 2 4 |  4.0
Crossbows      | 1 2 4 |  4.0
Throwing       | 1 2 4 |  4.0
Dodging        | 1 2 4 |  4.0
Stealth        | 1 2 4 |  4.0
Unarmed Combat | 1 2 4 |  4.0
Spellcasting   | 1 2 4 |  4.0
Evocations     | 1 2 4 |  4.0
Conjurations   | 1 2 3 |  3.2
Hexes          | 1 2 3 |  3.2
Charms         | 1 2 3 |  3.2
Summonings     | 1 2 3 |  3.2
Necromancy     | 1 2 3 |  3.2
Translocations | 1 2 3 |  3.2
Transmutations | 1 2 3 |  3.2
Fire Magic     | 1 2 3 |  3.2
Ice Magic      | 1 2 3 |  3.2
Air Magic      | 1 2 3 |  3.2
Earth Magic    | 1 2 3 |  3.2
Poison Magic   | 1 2 3 |  3.2
Axes           | 5 6 |  6.1
Fighting       | 7 |  7.7
Armour         | 7 |  7.7
Shields        | 7 |  7.7

Action                   |  1- 3 |  4- 6 |  7- 9 || total
-------------------------+-------+-------+-------++-------
Melee: War axe           |    80 |   146 |   167 ||   393
       Bite              |     7 |    20 |    19 ||    46
       Rapier            |       |       |     1 ||     1
 Fire: Hunting sling     |       |       |    47 ||    47
Throw: Stone             |    11 |     4 |     3 ||    18
 Cast: Mephitic Cloud    |       |       |     2 ||     2
Invok: Bend Time         |       |       |     4 ||     4
Evoke: Wand              |       |       |     3 ||     3
  Use: Scroll            |     3 |     7 |     3 ||    13
       Potion            |       |     3 |     2 ||     5
 Stab: Sleeping          |       |       |     2 ||     2
       Confused          |       |       |     2 ||     2
  Eat: Chunk             |     1 |     4 |     6 ||    11
Armor: Scale mail        |    27 |    54 |    28 ||   109
       Ring mail         |       |       |    17 ||    17
Dodge: Dodged            |    23 |    39 |    58 ||   120
Block: Shield            |    38 |    72 |   102 ||   212

Table legend:
 A = Non-vault XP
 B = Vault XP
 C = Vault XP percentage of total XP
 D = Non-vault monster count
 E = Vault monster count
 F = Vault count percentage of total count
                 A         B        C        D         E       F
            +---------+---------+-------+---------+---------+-------
      Total |    1718 |    1184 |  40.8 |     103 |      43 |  29.5
            +---------+---------+-------+---------+---------+-------
        D:1 |      22 |       5 |  18.5 |      11 |       2 |  15.4
        D:2 |      67 |       1 |   1.5 |      20 |       1 |   4.8
        D:3 |     129 |      48 |  27.1 |      24 |       8 |  25.0
        D:4 |      87 |     224 |  72.0 |       9 |       2 |  18.2
        D:5 |     209 |       0 |   0.0 |      14 |       0 |   0.0
        D:6 |     875 |       0 |   0.0 |      19 |       0 |   0.0
        D:7 |     329 |       8 |   2.4 |       6 |       4 |  40.0
     Bailey |       0 |     898 | 100.0 |       0 |      26 | 100.0
            +---------+---------+-------+---------+---------+-------
